 Dungeon Crawl Stone Soup version 0.22-a0-348-gd16d139 (webtiles) character file.

34 grindst0ne the Charlatan (level 3, -5/32 HPs)
             Began as a Deep Dwarf Artificer on Apr 9, 2018.
             Killed from afar by Natasha (6 damage)
             ... with a magic dart
             ... on level 2 of the Dungeon.
             The game lasted 00:01:16 (764 turns).

grindst0ne the Charlatan (Deep Dwarf Artificer)      Turns: 764, Time: 00:01:17

Health: -5/32      AC:  3    Str: 15    XL:     3   Next: 14%
Magic:  6/6        EV: 12    Int: 12    God:
Gold:   52         SH:  0    Dex: 13    Spells: 2/2 levels left

rFire    . . .     SeeInvis .   k - +0 hand axe
rCold    . . .     Gourm    .   (no shield)
rNeg     . . .     Faith    .   b - +0 leather armour
rPois    .         Spirit   .   (no helmet)
rElec    .         Reflect  .   (no cloak)
rCorr    .         Harm     .   (no gloves)
MR       .....                  (no boots)
Stlth    +.........             (no amulet)
HPRegen  0.00/turn              (no ring)
MPRegen  0.10/turn              (no ring)

@: non-regenerating, slowed, very slow
A: damage resistance, heal wounds, sense surroundings 1, no regeneration
a: Heal Wounds


You were on level 2 of the Dungeon.
You were not hungry.

You visited 1 branch of the dungeon, and saw 2 of its levels.

You collected 52 gold pieces.

Inventory:

Hand Weapons
 a - a +0 short sword
 k - a +0 hand axe (weapon)
Armour
 b - a +0 leather armour (worn)
Wands
 c - a wand of flame (15)
 d - a wand of enslavement (15)
 e - a wand of random effects (15)
Scrolls
 g - a scroll of remove curse {unknown}
 h - 2 scrolls of identify {unknown}
 j - a scroll of magic mapping {unknown}
Potions
 i - 2 potions of curing {unknown}
 l - a potion of haste {unknown}
Comestibles
 f - 3 rations
 m - a chunk of flesh


   Skills:
 + Level 2.0 Fighting
 - Level 0.8 Short Blades
 * Level 0.6 Axes
 - Level 2.1 Dodging
 - Level 1.2 Stealth
 + Level 4.8 Evocations


You had 2 spell levels left.
You didn't know any spells.

Dungeon Overview and Level Annotations

Branches:
Dungeon (2/15)

Altars:

Annotations:
D:2 Natasha


Innate Abilities, Weirdness & Mutations

You are resistant to damage.
You can heal yourself by infusing magical energy.
You passively map a small area around you.
You do not regenerate.


Message History

You closely miss Natasha.
Natasha is almost dead.
Natasha claws you. x2
You hit Natasha but do no damage.
Natasha is almost dead.
Natasha claws you!
* * * LOW HITPOINT WARNING * * *
Natasha claws you.
* * * LOW HITPOINT WARNING * * *
You hit Natasha but do no damage.
Natasha is almost dead.
Natasha claws you but does no damage. Natasha claws you.
You closely miss Natasha.
Natasha is almost dead.
Natasha stares at you and mumbles some strange words.
The magic dart hits you!
* * * LOW HITPOINT WARNING * * *
Natasha casts a spell at you. The magic dart hits you!
You die...

* , * +, ,, , ,,
** , , * * , , *
,, , , *, , #+# ,
, #.######
#...@h.# *
##(####.# *
##...###.#
#.......... ,
##....###.##
*######.........*
.....<.....#####
* #######.>..#
####.#


You could see Natasha.

Vanquished Creatures
  2 adders (D:2)
  An ooze (D:1)
  A leopard gecko (D:1)
  A bat (D:2)
  4 hobgoblins (D:1)
  A kobold (D:1)
  2 rats (D:1)
12 creatures vanquished.

Notes
Turn   | Place    | Note
-------+----------+-------------------------------------------
     0 | D:1      | grindst0ne the Deep Dwarf Artificer began the quest for the Orb.
     0 | D:1      | Reached XP level 1. HP: 16/16 MP: 3/3
    23 | D:1      | Reached skill level 1 in Fighting
   224 | D:1      | Reached XP level 2. HP: 19/25 MP: 5/5
   693 | D:2      | Reached XP level 3. HP: 18/32 MP: 6/6
   744 | D:2      | Noticed Natasha
   764 | D:2      | HP: 1/32 [Natasha/magic dart (4)]
   764 | D:2      | Killed from afar by Natasha

Vault maps used:
D:1:      lemuel_arrival_room, hangedman_abyss_or_decor_stabs
D:2:      uniq_natasha

Skill      XL: |  1  2 |
---------------+-------+-----
Fighting       | 1 2 |  2.0
Short Blades   | |  0.8
Axes           | |  0.6
Dodging        | |  2.1
Stealth        | |  1.2
Evocations     | |  4.8

Action                   || total
-------------------------++-------
Melee: Short sword       ||    30
       Hand axe          ||    50
 Abil: Heal Wounds       ||     1
 Stab: Sleeping          ||     1
Armor: Leather armour    ||    21
Dodge: Dodged            ||    47

Table legend:
 A = Spawn XP
 B = Non-spawn XP
 C = Spawn XP percentage of total XP
 D = Spawn monster count
 E = Non-spawn monster count
 F = Spawn count percentage of total count
 G = Total turns spent on level
                    A         B        C        D         E        F      G
               +---------+---------+-------+---------+---------+-------+---------
         Total |       0 |      49 |   0.0 |       0 |      12 |   0.0 |   764
               +---------+---------+-------+---------+---------+-------+---------
           D:1 |       0 |      21 |   0.0 |       0 |       9 |   0.0 |   619
           D:2 |       0 |      28 |   0.0 |       0 |       3 |   0.0 |   145
               +---------+---------+-------+---------+---------+-------+---------
